[Event "42nd Olympiad Baku 2016 Women"]
[Site "Baku"]
[Date "2016.09.08"]
[Round "6.20"]
[White "Ortez, Andrea"]
[Black "Rubsamen, Anais"]
[Result "1-0"]
[ECO "B06"]
[WhiteElo "1756"]
[BlackElo "1611"]
[Annotator ""]
[PlyCount "71"]
[EventDate "2016.??.??"]
[EventType "team-tourn"]
[EventCountry "AZE"]
[SourceTitle "playchess.com"]
[Source "ChessBase"]
[WhiteTeam "El Salvador"]
[BlackTeam "Monaco"]
[WhiteTeamCountry "ESA"]
[BlackTeamCountry "MNC"]
[TimeControl "40/5400+30:1800+30"]

1. e4 {(00:00} g6 {(00:00} 2. d4 {(00:00} Bg7 {(
00:00} 3. c3 {(00:20} c6 {(00:26} 4. Nf3 {(00:35} d5 {
(00:38} 5. Nbd2 {(02:26} Bg4 {(01:32} 6. Bd3 {(
01:00} Bxf3 {(07:58} 7. Nxf3 {(03:32} dxe4 {(00:57} 8.
Bxe4 {(00:19} Nf6 {(00:08} 9. Bc2 {(02:48} O-O {
(02:32} 10. O-O {(00:58} Nbd7 {(03:35} 11. Re1 {
(03:49} e6 {(03:44} 12. Bg5 {(10:56} Qb6 {(07:
13} 13. Bb3 {(03:30} c5 {(12:54} 14. Ne5 {(15:17} cxd4
{(02:36} 15. cxd4 {(00:32} h5 {(07:47} 16. h3 {(
04:03} Rac8 {(06:08} 17. Nxg6 {(06:17} Rfe8 {(08:35}
18. Ne5 {(14:12} Rc7 {(14:20} 19. Re3 {(16:04} Nxe5 {
(05:47} 20. dxe5 {(01:01} Nd5 {(01:25} 21. Rg3 {
(01:34} Ne7 {(04:58} 22. Bxe7 {(04:13} Rexe7 {(
02:02} 23. Qxh5 {(00:33} Kf8 {(00:19} 24. Qg5 {(00:38}
f6 {(01:57} 25. exf6 {(00:18} Rf7 {(01:01} 26. fxg7+ {
(00:17} Rxg7 {(00:06} 27. Qf6+ {(00:14} Rcf7 {(
00:36} 28. Qe5 {(06:31} Qxf2+ {(01:28} 29. Kh2 {(00:07]
} Rxg3 {(02:00} 30. Qxg3 {(00:12} Qxb2 {(00:14} 31. Rd1
{(00:42} Rg7 {(01:08} 32. Rd8+ {(00:28} Ke7 {(
00:09} 33. Qd6+ {(00:59} Kf6 {(00:41} 34. Qxe6+ {(00:
16} Kg5 {(00:21} 35. Rd5+ {(00:58} Kf4 {(00:26} 36.
Rf5# {(00:14} 1-0

[Event "42nd Olympiad Baku 2016 Women"]
[Site "Baku"]
[Date "2016.09.08"]
[Round "6.15"]
[White "Ortiz, Katherine Berenice"]
[Black "Terubea, Cydel"]
[Result "1-0"]
[ECO "C53"]
[WhiteElo "1857"]
[BlackElo "1363"]
[Annotator ""]
[PlyCount "47"]
[EventDate "2016.??.??"]
[EventType "team-tourn"]
[EventCountry "AZE"]
[SourceTitle "playchess.com"]
[Source "ChessBase"]
[WhiteTeam "Honduras"]
[BlackTeam "Fiji"]
[WhiteTeamCountry "HON"]
[BlackTeamCountry "FIJ"]
[TimeControl "40/5400+30:1800+30"]

1. e4 {(00:00} e5 {(00:00} 2. Nf3 {(00:14} Nc6 {
(00:00} 3. Bc4 {(00:51} Bc5 {(00:00} 4. c3 {(00:
59} d6 {(00:26} 5. d4 {(02:15} Bb6 {(00:16} 6. dxe5 {
(01:31} Qe7 {(11:58} 7. O-O {(08:02} Nxe5 {(03:
31} 8. Nxe5 {(00:32} dxe5 {(00:12} 9. Qf3 {(00:26} Bd7
{(02:32} 10. Na3 {(03:45} a6 {(00:24} 11. Nc2 {(
00:19} f6 {(02:26} 12. Ne3 {(01:46} O-O-O {(02:47} 13.
b4 {(01:20} c6 {(03:16} 14. a4 {(00:19} Be6 {(
02:08} 15. b5 {(03:12} Bxe3 {(02:33} 16. Bxe6+ {(01:35]
} Qxe6 {(00:13} 17. Bxe3 {(00:52} Qc4 {(00:49} 18. Qg4+
{(00:42} f5 {(05:47} 19. Qxg7 {(03:06} Nh6 {(01:
40} 20. Qxh6 {(02:59} Qxe4 {(03:11} 21. bxa6 {(01:39}
bxa6 {(07:18} 22. Qe6+ {(00:15} Kb8 {(02:39} 23. Rab1+
{(00:18} Ka8 {(00:18} 24. Qe7 {(01:11} 1-0

[Event "42nd Olympiad Baku 2016 Women"]
[Site "Baku"]
[Date "2016.09.08"]
[Round "6.3"]
[White "Ozturk, Kubra"]
[Black "Zatonskih, Anna"]
[Result "0-1"]
[ECO "E04"]
[WhiteElo "2277"]
[BlackElo "2449"]
[Annotator ""]
[PlyCount "138"]
[EventDate "2016.??.??"]
[EventType "team-tourn"]
[EventCountry "AZE"]
[SourceTitle "playchess.com"]
[Source "ChessBase"]
[WhiteTeam "Turkey"]
[BlackTeam "United States"]
[WhiteTeamCountry "TUR"]
[BlackTeamCountry "USA"]
[TimeControl "40/5400+30:1800+30"]

1. d4 {(00:00} Nf6 {(00:00} 2. c4 {(00:00} e6 {(
00:00} 3. g3 {(00:07} d5 {(00:29} 4. Bg2 {(00:15} dxc4
{(10:54} 5. Nf3 {(00:11} a6 {(01:58} 6. O-O {(
00:57} Nc6 {(02:25} 7. e3 {(02:50} Bd7 {(13:44} 8. Qe2
{(02:32} b5 {(30:03} 9. Nc3 {(01:32} Rb8 {(02:
57} 10. e4 {(02:48} Be7 {(03:17} 11. d5 {(10:25} Nb4 {
(02:36} 12. Ne5 {(04:23} exd5 {(03:54} 13. exd5 {
(02:41} O-O {(02:57} 14. a3 {(03:06} Nd3 {(00:
06} 15. Nxd3 {(00:31} cxd3 {(00:04} 16. Qxd3 {(00:12}
Bd6 {(02:22} 17. h3 {(07:56} Re8 {(05:09} 18. Be3 {
(04:57} Qc8 {(02:45} 19. Kh2 {(03:58} Bf5 {(00:
36} 20. Qd2 {(04:18} Ne4 {(04:50} 21. Nxe4 {(02:17}
Bxe4 {(00:01} 22. Bf4 {(02:26} Bxg2 {(01:50} 23. Kxg2 {
(02:30} Qd7 {(02:11} 24. Rad1 {(04:28} h6 {(01:
11} 25. Bxd6 {(20:01} Qxd6 {(00:07} 26. b4 {(04:56}
Rbd8 {(01:06} 27. Qc2 {(03:19} Re5 {(00:40} 28. Kh2 {
(01:55} Qe7 {(02:00} 29. Rc1 {(03:24} Rdxd5 {(
01:51} 30. Qxc7 {(01:21} Qxc7 {(00:12} 31. Rxc7 {(00:
02} Rd3 {(00:41} 32. Ra1 {(03:00} Re6 {(00:40} 33. Ra2
{(00:27} Rb3 {(00:11} 34. Kg2 {(00:48} g5 {(00:
11} 35. Rd7 {(00:29} Rc6 {(01:05} 36. Rd4 {(01:29} Rf6
{(01:30} 37. Rdd2 {(00:37} Kg7 {(00:24} 38. Rdb2 {
(01:08} Rff3 {(00:12} 39. Rxb3 {(00:13} Rxb3 {(
00:01} 40. a4 {(00:00} Rxb4 {(00:00} 41. axb5 {(01:01}
axb5 {(00:16} 42. Ra6 {(01:01} Rc4 {(12:35} 43. Rb6 {
(01:02} b4 {(00:02} 44. Kf3 {(04:32} h5 {(02:41]
} 45. Ke3 {(06:26} h4 {(03:31} 46. Kf3 {(02:41} f5 {
(07:49} 47. Rb5 {(09:10} Kf6 {(03:36} 48. Rb6+ {
(00:14} Ke5 {(00:31} 49. Rb5+ {(00:15} Ke6 {(00:
22} 50. gxh4 {(03:28} Rxh4 {(00:23} 51. Kg3 {(00:30}
Rf4 {(01:44} 52. f3 {(00:31} Rd4 {(02:24} 53. Kf2 {
(00:58} Kf6 {(01:29} 54. Kg3 {(03:10} Kg6 {(00:
26} 55. Kf2 {(01:11} Rc4 {(01:02} 56. Kg3 {(01:13} Rd4
{(00:04} 57. Kf2 {(00:06} f4 {(00:49} 58. h4 {(
00:52} gxh4 {(00:24} 59. Kg2 {(00:02} Kf6 {(00:14} 60.
Kh3 {(00:06} Ke6 {(00:05} 61. Kxh4 {(00:07} Kd6 {
(00:03} 62. Kg4 {(00:16} Kc6 {(00:05} 63. Rb8 {(
00:20} Kc5 {(00:14} 64. Kf5 {(00:30} Kc4 {(00:26} 65.
Ke5 {(01:00} Kc3 {(00:38} 66. Rb7 {(01:47} Rc4 {
(00:22} 67. Rb8 {(00:21} b3 {(00:26} 68. Kd5 {(
00:17} Rb4 {(00:34} 69. Rc8+ {(00:03} Kd2 {(00:55} 0-1

[Event "42nd Olympiad Baku 2016 Women"]
[Site "Baku"]
[Date "2016.09.08"]
[Round "6.2"]
[White "Paikidze, Nazi"]
[Black "Yildiz, Betul Cemre"]
[Result "1/2-1/2"]
[ECO "A40"]
[WhiteElo "2366"]
[BlackElo "2369"]
[Annotator ""]
[PlyCount "117"]
[EventDate "2016.??.??"]
[EventType "team-tourn"]
[EventCountry "AZE"]
[SourceTitle "playchess.com"]
[Source "ChessBase"]
[WhiteTeam "United States"]
[BlackTeam "Turkey"]
[WhiteTeamCountry "USA"]
[BlackTeamCountry "TUR"]
[TimeControl "40/5400+30:1800+30"]

1. d4 {(00:00} Nf6 {(00:00} 2. c4 {(00:00} e6 {(
00:00} 3. g3 {(00:00} d5 {(00:26} 4. Nf3 {(00:08} Bb4+
{(00:15} 5. Bd2 {(00:07} Be7 {(00:17} 6. Bg2 {(
00:07} O-O {(00:26} 7. O-O {(00:09} c6 {(00:42} 8. Qc2
{(00:32} Nbd7 {(01:39} 9. Rd1 {(03:52} b6 {(01:
36} 10. b3 {(00:09} Ba6 {(02:56} 11. a4 {(00:45} Rc8 {
(06:46} 12. a5 {(00:31} b5 {(06:53} 13. c5 {(03:
18} Ne4 {(02:24} 14. Be1 {(12:46} f5 {(04:58} 15. Nc3
{(11:43} Bf6 {(06:50} 16. Na2 {(09:54} Rc7 {(01:
02} 17. Nb4 {(05:51} Bc8 {(00:09} 18. Nd3 {(00:47} Qe8
{(11:47} 19. Nfe5 {(05:01} Ng5 {(06:22} 20. Bd2 {
(11:28} Nf7 {(14:28} 21. f4 {(04:39} Ndxe5 {(04:
00} 22. dxe5 {(01:21} Be7 {(00:40} 23. Be3 {(04:12} h6
{(01:58} 24. h3 {(04:00} Nh8 {(02:48} 25. Bf3 {(
05:21} Bd8 {(02:17} 26. Kh2 {(01:19} g5 {(01:58} 27.
Rg1 {(00:42} Rg7 {(01:01} 28. g4 {(01:02} Ng6 {(
08:43} 29. gxf5 {(00:56} Rxf5 {(01:01} 30. Bg4 {(03:39]
} Rf8 {(01:28} 31. Bh5 {(01:19} Rf5 {(00:22} 32. Nf2 {
(02:14} gxf4 {(05:20} 33. Bxg6 {(00:48} Rxg6 {(
00:03} 34. Bxf4 {(00:53} Bg5 {(01:56} 35. e3 {(00:33}
Kh8 {(02:35} 36. Nd3 {(00:59} Bd7 {(01:13} 37. Rg2 {
(01:05} Rg7 {(00:33} 38. Qe2 {(00:41} Qd8 {(00:
23} 39. b4 {(02:40} Be8 {(00:05} 40. Rag1 {(00:00} Bf7
{(00:00} 41. Bg3 {(13:21} Qe8 {(06:51} 42. Nf4 {
(03:54} Kh7 {(10:19} 43. h4 {(03:33} Bxf4 {(13:
28} 44. Bxf4 {(00:06} Rxg2+ {(00:10} 45. Qxg2 {(00:57}
Bg6 {(00:10} 46. Qg4 {(01:01} Qf7 {(00:21} 47. Qg3 {
(02:07} d4 {(02:09} 48. Rd1 {(01:21} dxe3 {(00:
19} 49. Bxe3 {(00:51} Bh5 {(00:51} 50. Rd8 {(02:34}
Rf3 {(01:08} 51. Qg1 {(00:05} Bg6 {(00:42} 52. Qd1 {
(03:14} Qf5 {(00:21} 53. Qd7+ {(01:17} Qf7 {(00:
46} 54. Qd4 {(02:41} Qf5 {(00:18} 55. Qd7+ {(00:04}
Qf7 {(00:40} 56. Qxf7+ {(01:42} Bxf7 {(00:15} 57. Bd2 {
(00:30} Bg6 {(00:32} 58. Rd7+ {(00:12} Rf7 {(00:
13} 59. Rxf7+ {(00:39} 1/2-1/2

[Event "42nd Olympiad Baku 2016 Women"]
[Site "Baku"]
[Date "2016.09.08"]
[Round "6.15"]
[White "Parkhurst Casas, Miriam"]
[Black "Secopito, Catherine"]
[Result "0-1"]
[ECO "B01"]
[WhiteElo "1993"]
[BlackElo "2119"]
[Annotator ""]
[PlyCount "72"]
[EventDate "2016.??.??"]
[EventType "team-tourn"]
[EventCountry "AZE"]
[SourceTitle "playchess.com"]
[Source "ChessBase"]
[WhiteTeam "Mexico"]
[BlackTeam "Philippines"]
[WhiteTeamCountry "MEX"]
[BlackTeamCountry "PHI"]
[TimeControl "40/5400+30:1800+30"]

1. e4 {(00:00} d5 {(00:00} 2. exd5 {(00:00} Qxd5 {
(00:06} 3. Nc3 {(00:00} Qd6 {(00:10} 4. Bc4 {(
07:51} Nf6 {(00:26} 5. d4 {(01:45} a6 {(01:13} 6. Bb3
{(04:14} Nc6 {(03:50} 7. Nge2 {(00:58} Bf5 {(05:
19} 8. Bf4 {(08:27} Qd7 {(15:48} 9. a3 {(09:44} e6 {
(03:13} 10. Qd2 {(03:02} O-O-O {(02:13} 11. O-O-O {
(03:29} Nd5 {(01:42} 12. Nxd5 {(02:00} exd5 {(
01:21} 13. Nc3 {(08:17} Be6 {(01:15} 14. Na4 {(01:10}
b6 {(04:08} 15. Kb1 {(07:42} Kb7 {(04:13} 16. Rhe1 {
(03:44} h6 {(03:31} 17. f3 {(06:15} g5 {(08:56}
18. Bg3 {(02:20} Bg7 {(01:21} 19. Bf2 {(00:35} Rhe8 {
(01:28} 20. Nc3 {(02:48} Ne7 {(02:20} 21. Na2 {(
02:38} Nf5 {(05:13} 22. Nb4 {(02:46} a5 {(02:53} 23.
Na2 {(02:12} a4 {(01:20} 24. Nc1 {(02:08} axb3 {
(00:18} 25. Nxb3 {(00:05} Qa4 {(01:35} 26. g4 {(
05:47} Nd6 {(01:05} 27. h4 {(00:38} Bf6 {(02:18} 28.
hxg5 {(02:50} hxg5 {(00:58} 29. Rh1 {(02:32} Rh8 {
(01:38} 30. Rh5 {(01:26} Rxh5 {(01:43} 31. gxh5 {
(00:05} Bf5 {(00:10} 32. Ka2 {(00:18} Ra8 {(00:
42} 33. Rc1 {(02:29} Nb5 {(03:19} 34. Qe3 {(02:28}
Nxa3 {(04:15} 35. Nc5+ {(00:04} bxc5 {(00:05} 36. bxa3
{(00:05} Qc4+ {(01:15} 0-1

[Event "42nd Olympiad Baku 2016 Women"]
[Site "Baku"]
[Date "2016.09.08"]
[Round "6.28"]
[White "Partac, Elena"]
[Black "Domarkaite, Laima"]
[Result "1-0"]
[ECO "B53"]
[WhiteElo "2086"]
[BlackElo "2161"]
[Annotator ""]
[PlyCount "75"]
[EventDate "2016.??.??"]
[EventType "team-tourn"]
[EventCountry "AZE"]
[SourceTitle "playchess.com"]
[Source "ChessBase"]
[WhiteTeam "Moldova"]
[BlackTeam "Lithuania"]
[WhiteTeamCountry "MDA"]
[BlackTeamCountry "LTU"]
[TimeControl "40/5400+30:1800+30"]

1. e4 {(00:00} c5 {(00:00} 2. Nf3 {(00:00} d6 {(
00:22} 3. d4 {(00:06} cxd4 {(00:21} 4. Qxd4 {(01:00}
a6 {(00:21} 5. c4 {(00:38} Nd7 {(01:46} 6. Nc3 {
(07:50} Ngf6 {(00:48} 7. b3 {(21:05} b6 {(05:13]
} 8. Bb2 {(08:01} e6 {(01:36} 9. Be2 {(13:38} Bb7 {
(02:28} 10. O-O {(00:43} Qc7 {(02:12} 11. Rac1 {
(10:31} Be7 {(04:36} 12. Qe3 {(03:16} Rc8 {(24:
15} 13. Nd4 {(02:48} Nc5 {(10:52} 14. Bf3 {(05:00} O-O
{(03:51} 15. Rfd1 {(07:45} Rfe8 {(02:28} 16. Nde2 {
(07:39} Qb8 {(03:49} 17. Ng3 {(00:39} Qa8 {(11:
30} 18. Qd4 {(00:35} Bf8 {(01:31} 19. Re1 {(03:32}
Red8 {(11:49} 20. Nh5 {(02:05} Nxh5 {(01:52} 21. Bxh5 {
(00:02} e5 {(03:11} 22. Qe3 {(00:31} b5 {(02:37]
} 23. Nd5 {(01:18} Bxd5 {(00:47} 24. cxd5 {(00:05} f5 {
(01:00} 25. exf5 {(01:14} Qxd5 {(00:27} 26. Rcd1 {
(01:49} Qb7 {(00:48} 27. Bf3 {(00:43} Qe7 {(00:
30} 28. Bd5+ {(00:27} Kh8 {(00:02} 29. Qh3 {(00:24}
Nd7 {(00:46} 30. Be6 {(00:26} Rc2 {(00:14} 31. Ba3 {
(00:27} Nf6 {(00:38} 32. Bb4 {(01:08} Rxa2 {(00:
29} 33. Re3 {(00:30} Qa7 {(01:17} 34. Rf1 {(00:27} a5
{(00:12} 35. Bc3 {(00:32} Rc2 {(01:06} 36. g4 {(
00:20} Qc5 {(01:11} 37. g5 {(00:12} Nd5 {(00:21} 38.
Qxh7+ {(00:05} 1-0

[Event "42nd Olympiad Baku 2016 Women"]
[Site "Baku"]
[Date "2016.09.08"]
[Round "6.14"]
[White "Pasipanodya, Valentine"]
[Black "Barria Baker, Raisa Melissa"]
[Result "0-1"]
[ECO "C02"]
[WhiteElo "1594"]
[BlackElo "1961"]
[Annotator ""]
[PlyCount "106"]
[EventDate "2016.??.??"]
[EventType "team-tourn"]
[EventCountry "AZE"]
[SourceTitle "playchess.com"]
[Source "ChessBase"]
[WhiteTeam "Zimbabwe"]
[BlackTeam "Panama"]
[WhiteTeamCountry "ZIM"]
[BlackTeamCountry "PAN"]
[TimeControl "40/5400+30:1800+30"]

1. e4 {(00:00} e6 {(00:09} 2. d4 {(00:00} d5 {(
00:14} 3. e5 {(00:01} c5 {(00:05} 4. c3 {(00:25} Nc6 {
(01:43} 5. Nf3 {(00:37} Qb6 {(05:11} 6. Bd3 {(
01:08} Bd7 {(03:30} 7. Bc2 {(01:28} cxd4 {(05:34} 8.
cxd4 {(00:24} Nb4 {(02:25} 9. O-O {(00:42} Nxc2 {
(00:34} 10. Qxc2 {(00:13} Ne7 {(00:08} 11. Nc3 {
(00:11} Rc8 {(01:43} 12. Be3 {(02:06} Nf5 {(00:
31} 13. Rac1 {(00:32} Be7 {(03:07} 14. Rfe1 {(07:11}
O-O {(00:56} 15. Qe2 {(08:38} Rc7 {(12:10} 16. a3 {
(02:47} Rfc8 {(07:27} 17. Na2 {(16:19} Nxe3 {(
09:34} 18. fxe3 {(00:22} Bb5 {(01:46} 19. Qd2 {(01:41}
Bc4 {(05:21} 20. Nc3 {(06:47} Qb3 {(00:45} 21. Nb1 {
(05:24} b5 {(02:35} 22. Qc2 {(05:22} b4 {(05:05]
} 23. Qxb3 {(09:08} Bxb3 {(00:07} 24. Rxc7 {(00:10}
Rxc7 {(00:05} 25. Nbd2 {(00:17} Ba4 {(03:16} 26. b3 {
(00:31} Bb5 {(00:07} 27. a4 {(00:07} Bd3 {(01:
16} 28. Kf2 {(04:31} g5 {(03:50} 29. g4 {(04:01} Rc3 {
(04:14} 30. h3 {(01:20} Kf8 {(00:52} 31. Rd1 {(
05:06} Ke8 {(00:38} 32. Ne1 {(00:53} Bg6 {(02:12} 33.
Nef3 {(03:18} Kd7 {(02:24} 34. Ng1 {(00:10} Rc2 {
(01:04} 35. Ne2 {(00:39} Rb2 {(01:45} 36. Ke1 {(
00:37} Bc2 {(00:58} 37. Ra1 {(01:47} Bxb3 {(00:23} 38.
Nxb3 {(01:11} Rxb3 {(00:09} 39. Kd2 {(00:46} a5 {
(00:31} 40. Ra2 {(00:00} Rb1 {(00:00} 41. Nc1 {(
13:33} b3 {(01:49} 42. Nxb3 {(00:41} Rxb3 {(00:07} 43.
Ke2 Bb4 44. Kf3 {(02:21} Ra3 {(01:57} 45. Rxa3 {(00:14}
Bxa3 {(00:05} 46. e4 {(00:07} dxe4+ {(00:21} 47. Kxe4 {
(00:07} Kc6 {(00:03} 48. Kd3 {(00:18} Kd5 {(00:
12} 49. Kc3 {(00:13} Bb4+ {(00:14} 50. Kd3 {(00:07}
Be1 {(00:09} 51. Ke3 {(00:11} Bc3 {(00:07} 52. Kd3 {
(00:17} Bxd4 {(00:09} 53. Ke2 {(04:23} Kxe5 0-1

[Event "42nd Olympiad Baku 2016 Women"]
[Site "Baku"]
[Date "2016.09.08"]
[Round "6.1"]
[White "Peng, Zhaoqin"]
[Black "Chelushkina, Irina"]
[Result "1-0"]
[ECO "E94"]
[WhiteElo "2368"]
[BlackElo "2221"]
[Annotator ""]
[PlyCount "79"]
[EventDate "2016.??.??"]
[EventType "team-tourn"]
[EventCountry "AZE"]
[SourceTitle "playchess.com"]
[Source "ChessBase"]
[WhiteTeam "Netherlands"]
[BlackTeam "Serbia"]
[WhiteTeamCountry "NED"]
[BlackTeamCountry "SRB"]
[TimeControl "40/5400+30:1800+30"]

1. d4 {(00:00} d6 {(00:00} 2. Nf3 {(00:00} Nf6 {
(00:00} 3. c4 {(00:00} g6 {(00:12} 4. Nc3 {(00:
00} Bg7 {(00:04} 5. e4 {(00:09} O-O {(00:19} 6. Be2 {
(00:09} e5 {(01:24} 7. O-O {(01:48} c6 {(00:55}
8. Be3 {(04:56} exd4 {(04:32} 9. Nxd4 {(00:14} Re8 {
(00:18} 10. Qc2 {(05:44} Na6 {(06:11} 11. Rad1 {
(11:52} Qe7 {(06:47} 12. f3 {(12:59} Nc7 {(25:
20} 13. Rfe1 {(05:23} Nh5 {(02:46} 14. Bf1 {(00:42}
Be5 {(02:14} 15. g3 {(03:29} Ne6 {(04:52} 16. Qd2 {
(08:59} Nxd4 {(01:35} 17. Bxd4 {(00:08} g5 {(05:
36} 18. Be3 {(05:06} h6 {(00:08} 19. Bg2 {(03:55} Be6
{(01:24} 20. f4 {(02:33} gxf4 {(02:19} 21. gxf4 {
(00:08} Bg7 {(00:39} 22. f5 {(12:10} Bxc4 {(01:
54} 23. Bxh6 {(00:54} Be5 {(02:25} 24. Bg5 {(04:28} f6
{(01:27} 25. Be3 {(00:01} Kh8 {(00:41} 26. b3 {(
00:54} Ba6 {(00:51} 27. Ne2 {(01:16} Rg8 {(08:03} 28.
Nf4 {(00:47} Qh7 {(03:54} 29. Ng6+ {(01:30} Rxg6 {
(00:17} 30. fxg6 {(00:01} Qxg6 {(00:01} 31. Qf2 {
(02:05} Rg8 {(00:43} 32. Rd2 {(04:29} Bc3 {(01:
25} 33. Kh1 {(01:42} Bxd2 {(01:46} 34. Bxd2 {(00:28}
Qh7 {(04:55} 35. Re3 {(01:05} b6 {(01:17} 36. Bc3 {
(02:05} Qh6 {(02:28} 37. Rh3 {(01:11} Rxg2 {(05:
34} 38. Qxg2 {(03:14} Kh7 {(01:39} 39. Bd2 {(00:57}
Qg6 {(01:33} 40. Qf3 {(00:00} 1-0

[Event "42nd Olympiad Baku 2016 Women"]
[Site "Baku"]
[Date "2016.09.08"]
[Round "6.5"]
[White "Peptan, Corina-Isabela"]
[Black "Ju, Wenjun"]
[Result "1-0"]
[ECO "E21"]
[WhiteElo "2394"]
[BlackElo "2583"]
[Annotator ""]
[PlyCount "173"]
[EventDate "2016.??.??"]
[EventType "team-tourn"]
[EventCountry "AZE"]
[SourceTitle "playchess.com"]
[Source "ChessBase"]
[WhiteTeam "Romania"]
[BlackTeam "China"]
[WhiteTeamCountry "ROU"]
[BlackTeamCountry "CHN"]
[TimeControl "40/5400+30:1800+30"]

1. d4 {(00:00} Nf6 {(00:00} 2. c4 {(00:00} e6 {(
00:00} 3. Nc3 {(00:00} Bb4 {(01:14} 4. Nf3 {(00:00} d5
{(00:18} 5. Qa4+ {(00:00} Nc6 {(00:05} 6. e3 {(
00:19} O-O {(00:38} 7. Qc2 {(00:14} Re8 {(09:00} 8.
Bd2 {(11:23} a6 {(01:17} 9. a3 {(06:50} Bd6 {(
00:22} 10. Bd3 {(19:24} dxc4 {(09:10} 11. Bxc4 {(00:02]
} h6 {(00:05} 12. O-O {(08:56} e5 {(00:18} 13. d5 {
(01:15} Ne7 {(00:23} 14. h3 {(01:19} Bf5 {(14:
03} 15. e4 {(00:49} Bd7 {(00:04} 16. Rfd1 {(04:57} Ng6
{(00:11} 17. Be3 {(00:59} Nh7 {(02:03} 18. Qd2 {
(07:06} Qf6 {(01:02} 19. Be2 {(01:13} Nf4 {(04:
39} 20. Bxf4 {(03:52} exf4 {(00:04} 21. Qd4 {(00:09}
Qxd4 {(05:44} 22. Rxd4 {(05:16} g5 {(02:08} 23. Rc1 {
(00:40} h5 {(11:37} 24. e5 {(03:45} Bxe5 {(01:
32} 25. Nxe5 {(00:07} Rxe5 {(00:04} 26. Bxh5 {(00:04}
c5 {(18:31} 27. Re4 {(05:57} Rae8 {(00:04} 28. Bf3 {
(02:30} Nf6 {(00:28} 29. Rxe5 {(00:06} Rxe5 {(
00:03} 30. Na2 {(03:25} b6 {(05:08} 31. b4 {(00:02} c4
{(00:07} 32. Rxc4 {(00:45} Nxd5 {(00:03} 33. Bxd5 {
(03:28} Rxd5 {(00:06} 34. Nc3 {(00:11} Rd6 {(02:
38} 35. Ne4 {(03:43} Rg6 {(00:30} 36. Rd4 {(02:18} Bc6
{(00:55} 37. Nd2 {(04:40} Re6 {(02:07} 38. Nc4 {
(00:16} f3 {(06:41} 39. gxf3 {(01:05} Bxf3 {(00:
02} 40. Kh2 {(00:00} Kg7 {(00:00} 41. Kg3 {(05:08} Be2
{(08:43} 42. Ne3 {(00:27} Kg6 {(01:48} 43. Rd5 {
(05:12} Bb5 {(04:01} 44. h4 {(01:09} gxh4+ {(04:
34} 45. Kxh4 {(00:01} Bc6 {(01:48} 46. Rd4 {(04:57}
Kf6 {(06:25} 47. Rf4+ {(01:11} Kg6 {(00:57} 48. Kg3 {
(04:26} Bb7 {(02:30} 49. Rd4 {(02:45} Bc6 {(01:
41} 50. Rd8 {(02:39} a5 {(00:30} 51. Rb8 {(02:21} axb4
{(00:44} 52. axb4 {(00:02} b5 {(00:44} 53. Rd8 {
(02:49} Kf6 {(00:38} 54. Rd2 {(03:12} Ke5 {(00:
45} 55. Ng4+ {(00:13} Kf5 {(00:13} 56. f3 {(01:47} Rg6
{(02:40} 57. Rc2 {(00:18} Rd6 {(00:11} 58. Rc5+ {
(00:14} Ke6 {(00:15} 59. Kf2 {(01:25} f6 {(01:
41} 60. Ke3 {(00:17} Kf7 {(01:04} 61. Nh6+ {(00:36}
Kg6 {(04:21} 62. Nf5 {(00:06} Re6+ {(00:02} 63. Kf4 {
(00:41} Be8 {(00:09} 64. Rc7 {(00:42} Bf7 {(00:
22} 65. Rb7 {(01:26} Re5 {(01:31} 66. Nd6 {(00:35} Bc4
{(00:36} 67. Nxc4 {(00:35} bxc4 {(00:04} 68. Rc7 {
(00:03} Rh5 {(00:47} 69. Kg3 {(00:47} Rg5+ {(00:
12} 70. Kf2 {(00:02} Rb5 {(00:10} 71. Rxc4 {(00:06} f5
{(00:05} 72. Ke3 {(00:34} Kg5 {(00:03} 73. Kd3 {
(00:04} Rb8 {(01:14} 74. Kc3 {(00:58} Kf6 {(01:
12} 75. f4 {(00:31} Ke6 {(00:16} 76. Rc5 {(00:10} Rf8
{(00:49} 77. b5 {(00:18} Kd6 {(00:04} 78. Kb4 {(
00:08} Re8 {(00:38} 79. Rxf5 {(00:14} Re4+ {(00:10}
80. Ka5 {(00:05} Kc7 {(00:02} 81. Rf7+ {(00:31} Kb8 {
(00:02} 82. Ka6 {(00:23} Re6+ {(00:41} 83. b6 {(
00:15} Re8 {(00:02} 84. f5 {(00:07} Ka8 {(00:12} 85.
f6 {(00:10} Rb8 {(00:01} 86. Re7 {(00:20} Rf8 {(
00:07} 87. f7 {(00:04} 1-0

[Event "42nd Olympiad Baku 2016 Women"]
[Site "Baku"]
[Date "2016.09.08"]
[Round "6.14"]
[White "Perez, Dalila"]
[Black "Heredia Serrano, Carla"]
[Result "1-0"]
[ECO "D02"]
[WhiteElo "1860"]
[BlackElo "2075"]
[Annotator ""]
[PlyCount "79"]
[EventDate "2016.??.??"]
[EventType "team-tourn"]
[EventCountry "AZE"]
[SourceTitle "playchess.com"]
[Source "ChessBase"]
[WhiteTeam "Paraguay"]
[BlackTeam "Ecuador"]
[WhiteTeamCountry "PAR"]
[BlackTeamCountry "ECU"]
[TimeControl "40/5400+30:1800+30"]

1. d4 {(00:00} d5 {(00:00} 2. Nf3 {(00:00} Nc6 {
(00:13} 3. c4 {(01:35} Nf6 {(00:05} 4. Nc3 {(00:
04} Bf5 {(01:46} 5. a3 {(04:30} dxc4 {(08:21} 6. g3 {
(03:20} e6 {(04:02} 7. Bg2 {(00:26} Be7 {(00:37]
} 8. O-O {(04:45} O-O {(06:54} 9. h3 {(08:06} Na5 {
(12:26} 10. Re1 {(13:55} c6 {(14:44} 11. e4 {(
09:07} Bg6 {(00:11} 12. Ne5 {(07:41} Nd7 {(11:07} 13.
Nxg6 {(03:34} hxg6 {(03:01} 14. Be3 {(00:55} Nf6 {
(07:21} 15. Qc2 {(04:29} Qc7 {(05:25} 16. Bf4 {(
01:53} Qb6 {(02:58} 17. d5 {(04:18} exd5 {(09:33} 18.
exd5 {(00:46} Rfe8 {(00:02} 19. d6 {(01:25} Bf8 {
(00:03} 20. Qa4 {(11:42} Nh5 {(05:37} 21. Be3 {(
11:08} Rxe3 {(00:04} 22. Rxe3 {(00:10} Bxd6 {(00:02}
23. Ne4 {(01:50} Be5 {(02:50} 24. Rae1 {(01:29} Nf6 {
(02:35} 25. Nxf6+ {(02:14} Bxf6 {(00:48} 26. h4 {
(02:37} Qc5 {(01:44} 27. Qc2 {(00:27} Kf8 {(00:
14} 28. b4 {(00:13} Qd4 {(00:27} 29. bxa5 {(00:20} Rd8
{(00:26} 30. a6 {(00:17} c3 {(00:48} 31. axb7 {(
00:16} Qd7 {(00:31} 32. Qb3 {(00:34} Rb8 {(00:22} 33.
Re8+ Qxe8 {(00:20} 34. Rxe8+ {(01:33} Kxe8 {(00:01} 35.
Bxc6+ {(00:08} Ke7 {(01:03} 36. Qd5 {(01:08} c2 {
(00:22} 37. Qe4+ {(00:08} Kd6 {(00:25} 38. Qxc2 {
(00:01} Bd4 {(00:27} 39. Bf3 {(00:40} Bb6 {(00:
31} 40. Qc6+ {(00:00] Kd5} 1-0